AoeStats
← 123

Arena

508554210Analyzed
4v4 RM · 7d ago on Sep 23, 2026· 36m 26s· 8 players
Game mode
Random Map
Map size
Large (8 player)
Population
200
Speed
Normal
Resources
Standard
Victory
Conquest
Starting age
Dark Age
Ending age
Imperial Age
RankedLock teamsTeams togetherTeam positionsShared explorationLock speedFull tech treeHidden civsTurbo modeCheats
Victory
Defeat
🇲🇽 Jurchens · Mexico
1104
+14
🇨🇫 Spanish · Central African Republic
1103
+14
🇹🇼 Vietnamese · Taiwan
1095
+18
🇹🇼 Danes · Taiwan
1026
+16
🇨🇱 Goths · Chile
1069
-15
🇵🇪 Poles · Peru
1062
-15
🇦🇷 Khmer · Argentina
1047
-14
🇨🇱 Cumans · Chile
1042
-14
Slade One
11:37 Feudal Age
12:25 Double-Bit Axe
12:24 Horse Collar
12:24 Man-at-Arms
15:16 Forging
15:07 Scale Mail Armor
17:48 Loom
28:10 Castle Age
28:37 Stone Mining
28:37 Gold Mining
29:03 Long Swordsman
29:03 Pikeman
29:44 Squires
30:24 Iron Casting
30:05 Chain Mail Armor
33:38 Heavy Plow
34:17 Stone Shaft Mining
33:58 Bow Saw
34:30 Wheelbarrow
Jc
4:55 Loom
11:51 Feudal Age
13:12 Double-Bit Axe
13:08 Horse Collar
17:22 Castle Age
16:49 Wheelbarrow
18:58 Bow Saw
18:49 Heavy Plow
21:57 Town Watch
23:31 Stone Mining
23:31 Gold Mining
24:15 Squires
24:01 Arson
24:18 Scale Mail Armor
26:13 Chain Mail Armor
26:09 Forging
28:20 Iron Casting
27:08 Pikeman
123
11:10 Feudal Age
31:51 Castle Age
31:47 Double-Bit Axe
31:55 Gold Mining
guilleaacevedo
11:29 Feudal Age
11:02 Loom
12:48 Wheelbarrow
12:17 Gold Mining
12:21 Double-Bit Axe
12:19 Horse Collar
17:06 Castle Age
18:05 Hand Cart
18:01 Heavy Plow
18:13 Bow Saw
21:09 Town Watch
35:33 Imperial Age
34:33 Tusk Swords
35:28 Crossbowman
Aragorn55
0:48 Loom
11:00 Feudal Age
13:03 Horse Collar
13:15 Double-Bit Axe
16:22 Castle Age
25:13 Wheelbarrow
Oscar_Lee
11:10 Feudal Age
14:59 Castle Age
13:24 Double-Bit Axe
13:20 Horse Collar
16:20 Bow Saw
16:18 Gold Mining
19:59 Scale Mail Armor
20:30 Forging
21:38 Squires
22:59 Wheelbarrow
24:59 Loom
25:00 Town Watch
30:00 Imperial Age
27:49 Hand Cart
27:45 Heavy Plow
29:12 Gold Shaft Mining
28:27 Stone Mining
28:54 Chain Mail Armor
29:15 Iron Casting
29:37 Arson
30:22 Elite Varangian Guard
32:29 Plate Mail Armor
33:51 Blast Furnace
33:54 Conscription
34:28 Hamask
35:44 Hoardings
35:24 Masonry
35:20 Murder Holes
36:26 Chemistry
37:26 Stone Shaft Mining
cevbv
5:29 Loom
10:43 Feudal Age
11:11 Town Watch
11:18 Double-Bit Axe
11:15 Horse Collar
19:07 Castle Age
17:41 Stone Mining
18:09 Gold Mining
18:21 Padded Archer Armor
29:55 Husbandry
30:39 Fletching
32:23 Ballistics
33:17 Bloodlines
33:53 Wheelbarrow
Erwin Smith
10:17 Feudal Age
8:41 Loom
11:28 Loom
11:45 Double-Bit Axe
14:12 Castle Age
12:03 Horse Collar
15:03 Bow Saw
15:38 Heavy Plow
18:17 Wheelbarrow
20:10 Stone Mining
22:38 Gold Mining
25:03 Hand Cart
28:14 Imperial Age
25:45 Fletching
25:56 Padded Archer Armor
26:41 Bodkin Arrow
27:51 Ballistics
27:25 Town Watch
28:49 Leather Archer Armor
28:59 Bracer
31:47 Ring Archer Armor
32:19 Chemistry
35:19 Siege Engineers
35:08 Elite Rattan Archer
Connection lost

Rejoining the realm…

Still unreachable

The connection could not be restored.

Session expired

The server has moved on; the page needs a fresh start.